 Dungeon Crawl Stone Soup version 0.29.1-12-g30fa7ad0bf (webtiles) character file.

Game seed: 7428349963069655855

1669 BigDaddyOpFi the Magician (level 8, -20/41 HPs)
             Began as a Deep Elf Conjurer on Jan 17, 2023.
             Demolished by a two-headed ogre
             ... wielding a +0 giant club
              (30 damage)
             ... on level 6 of the Dungeon.
             The game lasted 00:10:22 (8810 turns).

BigDaddyOpFi the Magician (Deep Elf Conjurer)       Turns: 8810, Time: 00:10:23

Health: -20/41     AC:  5    Str:  6    XL:     8   Next: 69%
Magic:  10/21      EV: 30    Int: 24    God:
Gold:   289        SH:  0    Dex: 13    Spells: 15/22 levels left

rFire   . . .      SeeInvis .   t - +3 dagger (venom)
rCold   . . .      Faith    .   (no shield)
rNeg    . . .      Spirit   .   m - +1 animal skin
rPois   .          Reflect  .   n - +0 helmet
rElec   .          Harm     .   (no cloak)
rCorr   .          Rampage  .   u - +0 pair of gloves
Will    .....                   (no boots)
Stlth   ++++......              q - amulet of the acrobat
HPRegen 0.13/turn               (no ring)
MPRegen 0.17/turn               (no ring)

@: acrobatic
A: no striking features
a: no special abilities


You were on level 6 of the Dungeon.
You visited 1 branch of the dungeon, and saw 6 of its levels.

You collected 289 gold pieces.

Inventory:

Hand Weapons
 b - a +0 dagger
 f - a +1 dagger of protection
 t - a +3 dagger of venom (weapon)
Armour
 m - a +1 animal skin (worn)
 n - a +0 helmet (worn)
 u - a +0 pair of gloves (worn)
Jewellery
 q - an amulet of the acrobat (around neck)
Wands
 e - a wand of light (3)
Scrolls
 c - a scroll of fear
 r - 3 scrolls of identify
Potions
 a - a potion of might {unknown}
 d - a potion of curing
 g - 2 potions of haste
 h - a potion of mutation {unknown}
 k - a potion of flight
 l - a potion of lignification
 o - 2 potions of attraction
 s - a potion of berserk rage {unknown}


   Skills:
 + Level 7.0 Dodging
 + Level 7.6 Stealth
 + Level 7.9 Spellcasting
 + Level 7.5 Conjurations
 * Level 0.0 Hexes


You had 15 spell levels left.
You knew the following spells:

 Your Spells              Type           Power      Damage    Failure   Level
a - Magic Dart            Conj           100%       1d8       1%          1
b - Searing Ray           Conj           90%        2d7       1%          2
c - Fulminant Prism       Conj/Hex       13%        3d9       14%         4

Your spell library contained the following spells:

 Spells                   Type           Power      Damage    Failure   Level
 Dazzling Flash           Conj/Hex       54%        N/A       4%          3
 Apportation              Tloc           18%        N/A       7%          1
 Beastly Appendage        Tmut           18%        N/A       7%          1
 Necrotise                Necr           36%        1d5       7%          1
 Sting                    Tmut/Pois      36%        1d4       7%          1
 Summon Small Mammal      Summ           36%        N/A       7%          1
 Poisonous Vapours        Pois/Air       18%        N/A       10%         2
 Wereblood                Tmut           9%         N/A       10%         2
 Iskenderun's Mystic Bla  Conj/Tloc      27%        2d7       14%         4
 Spider Form              Tmut/Pois      9%         N/A       21%         3
 Olgreb's Toxic Radiance  Pois           9%         N/A       54%         4


Dungeon Overview and Level Annotations

Branches:
Dungeon (6/15)
 Temple: D:4-7

Altars:
Dithmenos
Fedhas
Gozag
Kikubaaqudgha
Makhleb
Nemelex Xobeh
Okawaru
Qazlal
Vehumet

Shops:
D:1 (   D:4 *


Message History

Casting: Magic Dart (safe; 1% risk of failure)
Confirm with . or Enter, or press ? or * to list all spells.
Aiming: Searing Ray (safe; 1% risk of failure)
Press: ? - help, Shift-Dir - straight line, f/p - two-headed ogre
Aim: a two-headed ogre, wielding two +0 giant clubs (lightly wounded, 91% to hit)
The searing ray hits the two-headed ogre.
The two-headed ogre is lightly wounded. (Press . to maintain the ray.)
The searing ray hits the two-headed ogre!
The two-headed ogre is moderately wounded.
The searing ray hits the two-headed ogre.
The two-headed ogre is moderately wounded.
The searing ray hits the two-headed ogre.
The two-headed ogre is heavily wounded.
You finish channelling your searing ray.
The two-headed ogre misses you.
The two-headed ogre hits you with a +0 giant club!!
Okay, then.
Casting: Searing Ray (safe; 1% risk of failure)
Confirm with . or Enter, or press ? or * to list all spells.
Aiming: Searing Ray (safe; 1% risk of failure)
Press: ? - help, Shift-Dir - straight line, f/p - two-headed ogre
Aim: a two-headed ogre, wielding two +0 giant clubs (heavily wounded, 91% to hit)
The searing ray hits the two-headed ogre!
The two-headed ogre is severely wounded. (Press . to maintain the ray.)
The two-headed ogre closely misses you. The two-headed ogre barely misses you.
The searing ray hits the two-headed ogre!
The two-headed ogre is severely wounded.
The two-headed ogre misses you.
The two-headed ogre hits you with a +0 giant club!
* * * LOW HITPOINT WARNING * * *
The searing ray misses the two-headed ogre.
The searing ray hits the two-headed ogre!
The two-headed ogre is almost dead.
You finish channelling your searing ray.
The two-headed ogre misses you.
The two-headed ogre hits you with a +0 giant club!!
Ouch! That really hurt!
You die...

#########
############........
#####............#######
................@#
.._..PPPP..≈≈≈≈.O.......
...................#####
...)..#######.#....#
####### #+#....# #####
.....# ..... .....'
######### ......##
........##


You could see a two-headed ogre.

Vanquished Creatures
  Menkaure (D:6)
  An orc warrior (D:6)
  An ice beast (D:5)
  A sky beast (D:6)
  An ogre (D:6)
  A centaur (D:5)
  2 bullfrogs (D:6)
  A scorpion (D:4)
  Blork the orc (D:5)
  The ghost of hawla the Firebug, a weakling MeFE (D:3)
  2 jellies (D:6)
  3 hounds
  2 quasits (D:4)
  2 orc priests
  A gnoll bouda (D:6)
  Jessica (D:2)
  Terence (D:3)
  2 iguanas (D:6)
  4 orc wizards
  Robin (D:2)
  7 gnolls
  8 adders
  A river rat (D:3)
  6 shadow imps (D:4)
  4 white imps
  3 ufetubi (D:4)
  3 worms
  3 dart slugs
  17 orcs
  5 ball pythons
  7 endoplasms
  3 giant cockroaches
  8 goblins
  4 hobgoblins
  4 jackals (D:1)
  5 kobolds
  2 quokkas
  4 bats (D:1)
  4 frilled lizards
  3 rats
131 creatures vanquished.

Vanquished Creatures (others)
  9 demonic plants (D:4)
  4 plants
13 creatures vanquished.

Grand Total: 144 creatures vanquished

Notes
Turn   | Place    | Note
-------+----------+-------------------------------------------
     0 | D:1      | BigDaddyOpFi the Deep Elf Conjurer began the quest for the
                  | Orb.
     0 | D:1      | Reached XP level 1. HP: 10/10 MP: 6/6
   365 | D:1      | Reached XP level 2. HP: 15/15 MP: 5/8
   624 | D:1      | Found a faded altar of an unknown god.
   679 | D:1      | Found Xaxt's Antique Weapon Emporium.
  1151 | D:2      | Reached XP level 3. HP: 19/19 MP: 6/10
  1503 | D:2      | Noticed Jessica
  1507 | D:2      | Killed Jessica
  1508 | D:2      | Reached XP level 4. HP: 24/24 MP: 6/11
  1890 | D:2      | Noticed Robin
  1903 | D:2      | Killed Robin
  1904 | D:2      | Reached skill level 5 in Conjurations
  2485 | D:3      | Learned a level 2 spell: Searing Ray
  2536 | D:3      | Found a burning altar of Makhleb.
  2670 | D:3      | Found an ancient bone altar of Kikubaaqudgha.
  2671 | D:3      | Found a blossoming altar of Fedhas.
  2774 | D:3      | Found a runed translucent door.
  2778 | D:3      | Noticed hawla's ghost (weakling MeFE)
  2818 | D:3      | Found a shadowy altar of Dithmenos.
  2846 | D:3      | Noticed Terence
  2853 | D:3      | Killed Terence
  2971 | D:3      | Found a sparkling altar of Nemelex Xobeh.
  3074 | D:3      | Reached XP level 5. HP: 18/28 MP: 8/13
  3313 | D:3      | Found a runed translucent door.
  3358 | D:3      | Found an iron altar of Okawaru.
  3458 | D:3      | Killed hawla's ghost
  3572 | D:4      | Found Muibeuj's Assorted Antiques.
  3616 | D:4      | Reached XP level 6. HP: 21/32 MP: 4/15
  3649 | D:4      | Reached skill level 5 in Spellcasting
  4634 | D:4      | Found a radiant altar of Vehumet.
  4644 | D:4      | Reached skill level 5 in Stealth
  5599 | D:5      | Entered Level 5 of the Dungeon
  5612 | D:5      | Reached skill level 5 in Dodging
  5612 | D:5      | Reached XP level 7. HP: 36/36 MP: 12/17
  6398 | D:5      | Found a stormy altar of Qazlal.
  6489 | D:5      | Noticed Blork the orc
  6495 | D:5      | Killed Blork the orc
  7457 | D:6      | Reached XP level 8. HP: 27/41 MP: 3/20
  8221 | D:6      | Noticed a two-headed ogre
  8222 | D:6      | Noticed Menkaure
  8231 | D:6      | Killed Menkaure
  8233 | D:6      | HP: 1/41 [iguana (8)]
  8720 | D:5      | Learned a level 4 spell: Fulminant Prism
  8777 | D:6      | Found an opulent altar of Gozag.
  8810 | D:6      | Demolished by a two-headed ogre

Illustrated notes

Levels and vault maps discovered:
D:1:      dpeg_chamrin_arrival_tetris, layout_basic,
          dreamdust_ecumenical_altar_angels_and_demons, serial_shops,
          nicolae_shop_overgrown_old_shop
D:2:      layout_basic, uniq_robin, uniq_jessica
D:3:      layout_rooms, grunt_temple_overflow_growth_and_decay,
          marbit_many_paths, lemuel_coloured_pillars_altar,
          mainiacjoe_overflow_concentric_impassable,
          mainiacjoe_overflow_chevrons, ebering_ghost_sewer_f, uniq_terence
D:4:      layout_basic, nicolae_vehumet_radiance, serial_shops,
          nicolae_shop_trees, serial_demonic, serial_demonic_f,
          serial_demonic_d, serial_demonic_c, serial_demonic_g,
          serial_demonic_e, serial_demonic_a, serial_demonic_b
D:5:      layout_rooms, nicolae_qazlal_general_emergency, grunt_tough_drop,
          uniq_blork_the_orc
D:6:      layout_basic, gammafunk_temple_overflow_wave,
          mainiacjoe_overflow_boulevard, uniq_menkaure

Skill      XL: |  1  2  3  4  5  6  7  8 |
---------------+-------------------------+-----
Stealth        | 3 4 5 6 7 |  7.6
Dodging        | 3 4 5 6 7 |  7.0
Spellcasting   | 4 5 6 7 |  7.9
Conjurations   | 5 6 7 |  7.5

Action                   |  1- 3 |  4- 6 |  7- 9 || total
-------------------------+-------+-------+-------++-------
Melee: Unarmed           |    14 |       |       ||    14
       Dagger            |       |    52 |    36 ||    88
 Cast: Magic Dart        |    60 |    98 |   131 ||   289
       Searing Ray       |       |    14 |    18 ||    32
Evoke: Wand              |       |       |     2 ||     2
  Use: Scroll            |       |     7 |     6 ||    13
       Potion            |       |     5 |     8 ||    13
Armor: Robe              |     4 |     2 |       ||     6
       Animal skin       |       |    64 |    16 ||    80
Dodge: Dodged            |    12 |   122 |    46 ||   180
